 Dungeon Crawl Stone Soup version 0.14-a0-2124-ga163777 (webtiles) character file.

28415 M4edhros the Slinger (level 13, -3/72 HPs)
             Began as an Octopode Hunter on Jan 27, 2014.
             Was the Champion of Fedhas.
             Slain by an orc warrior
             ... wielding a -1,+0 orcish trident
              (21 damage)
             ... on Level 4 of the Orcish Mines on Jan 28, 2014.
             The game lasted 00:58:19 (15120 turns).

M4edhros the Slinger (Octopode Hunter)             Turns: 15120, Time: 00:58:19

HP  -3/72        AC  3     Str 16      XL: 13   Next: 31%
MP  27/27        EV 20     Int 16      God: Fedhas [******]
Gold 1170        SH 26     Dex 23      Spells:  1 memorised,  9 levels left

rFire  + . .     SeeInvis .     S - +1,+6 orc trident
rCold  . . .     Clarity  .     r - +2 shield {rN+}
rNeg   + . .     Conserve .     l - +2 hat {rF+}
rPois  .         rCorr    .     (no amulet)
rElec  .         rRot     .     s - ring of regeneration
SustAb . .       Spirit   .     p - ring of Sulolot {Str+3 Int+3 Dam+2}
rMut   .         Warding  .     j - +2 ring of strength
Saprov . . .     Stasis   .     M - +5 ring of dexterity
MR     .....                    (no ring)
                                (no ring)
                                (no ring)
                                (no ring)

@: not resistant to hostile enchantments, quite stealthy
A: almost no armour, amphibious, 8 rings, constrict 8, camouflage 1, gelatinous
body 1
a: Evolution, Sunlight, Growth, Reproduction, Rain, Renounce Religion


You were on level 4 of the Orcish Mines.
You worshipped Fedhas.
Fedhas was exalted by your worship.
You were near starving.

You visited 3 branches of the dungeon, and saw 17 of its levels.
You also visited: Sewer, Bailey and Volcano.

You collected 1425 gold pieces.
You spent 255 gold pieces at shops.

Inventory:

Hand weapons
 b - a +3,+1 sling
 g - a +1,+3 dagger of distortion
 y - a +7,+8 sling of flame
 S - a +1,+6 orcish trident (weapon)
Missiles
 c - 29 sling bullets
 d - 84 stones
Armour
 l - a +2 hat of fire resistance (worn)
 r - a +2 shield of positive energy (worn)
Magical devices
 h - a wand of disintegration (14)
 k - a wand of invisibility (2)
 Q - a wand of invisibility (4)
Comestibles
 a - a slice of pizza
 m - 2 meat rations
 t - 2 sausages
 J - 2 apples
 R - an orange
Scrolls
 e - a scroll of identify
 i - a scroll of immolation
 o - 4 scrolls of fog (quivered)
 q - 2 scrolls of fear
 E - 6 scrolls of remove curse
 F - 2 scrolls of teleportation
 H - 2 scrolls of enchant armour
 L - 2 scrolls of blinking
Jewellery
 j - a +2 ring of strength (on tentacle)
 p - the ring of Sulolot (right tentacle) {Str+3 Int+3 Dam+2}
   (You found it on level 9 of the Dungeon)

   [ring of intelligence]

   It affects your intelligence (+3).
   It affects your strength (+3).
   It affects your damage with ranged weapons and melee attacks (+2).
 s - a ring of regeneration (left tentacle)
 M - a +5 ring of dexterity (on tentacle)
Potions
 f - 2 potions of resistance
 n - a potion of porridge
 v - 2 potions of magic
 z - 9 potions of curing
 N - 4 potions of heal wounds
 O - 3 potions of might
 P - a potion of agility
 T - 2 potions of invisibility
 U - a potion of berserk rage
Books
 w - a book of the Warp

   Spells                             Type                      Level
   *Recall                            Summoning/Translocation      3
   Control Teleport                   Charms/Translocation         4
   Phase Shift                        Translocation                5
   Warp Weapon                        Charms/Translocation         5
   Dispersal                          Translocation                6
   Controlled Blink                   Translocation                7
   Disjunction                        Translocation                8
 A - a book of Callings

   Spells                             Type                      Level
   Summon Small Mammal                Summoning                    1
   Call Imp                           Summoning                    2
   Call Canine Familiar               Summoning                    3
   Summon Scorpions                   Summoning/Poison             4
   Summon Ice Beast                   Ice/Summoning                4
 D - a book of the Sky

   Spells                             Type                      Level
   Flight                             Charms/Air                   3
   Airstrike                          Air                          4
   Silence                            Hexes/Air                    5
   Deflect Missiles                   Charms/Air                   6
   Conjure Ball Lightning             Conjuration/Air              6
   Tornado                            Air                          9
Magical staves
 u - an uncursed staff of earth
 C - an uncursed staff of cold
Miscellaneous
 x - a plain deck of escape
 K - a fan of gales


   Skills:
 - Level 1.0 Fighting
 + Level 14.6 Slings
 + Level 8.8 Dodging
 - Level 1.3 Stealth
 + Level 8.1 Shields
 - Level 6.1 Translocations
 * Level 11.2 Invocations


You had 9 spell levels left.
You knew the following spells:

 Your Spells              Type           Power        Failure   Level  Hunger
a - Recall                Summ/Tloc      N/A          34%         3    ####...


Dungeon Overview and Level Annotations

Branches:
Dungeon (12/16)            Temple (1/1) D:7             Orc (4/4) D:12
   Lair (0/8) D:11
    Elf: Orc:3-4

Altars:
Ashenzari
Cheibriados
Dithmengos
Fedhas
Kikubaaqudgha
Makhleb
Nemelex Xobeh
Okawaru
Sif Muna
Trog
Vehumet
Xom
Yredelemnul
Zin
The Shining One
Beogh

Shops:
D:6 [   D:11 [!**   D:12 [   Orc:2 }   Orc:3 !   Orc:4 }[


Innate Abilities, Weirdness & Mutations

You cannot wear most types of armour.
You are amphibious.
You can wear up to eight rings at the same time.
You can use your tentacles to constrict many enemies at once.
Your skin changes colour to match your surroundings (Stlth).
Your rubbery body absorbs attacks (AC +1).


Message History

You barely miss the orc priest. Your grab misses the orc priest.
You constrict the orc warrior, but do no damage.
The orc priest barely misses you.
The orc warrior hits you with an orcish trident.
The orc priest calls upon Beogh to heal the orc warrior.
The orc warrior is healed somewhat.
Unknown command.
Unknown command.
Unknown command.
You barely miss the orc priest. You grab the orc priest.
You squeeze the orc priest!
The orc priest is heavily wounded.
You constrict the orc priest.
You constrict the orc warrior, but do no damage.
The orc warrior hits you with an orcish trident!
* * * LOW HITPOINT WARNING * * *
The orc priest completely misses you.
The orc warrior hits you with an orcish trident!
You die...
Fedhas appreciates your contribution to the ecosystem.

......f#.....ff..).#*#.....,,,,,,
................#..##........,,,*
.......#.....#.##....#.#.#...*,,,
...#..####.#####......#.......*,*
..##### ### #.......#......#***
...## ##ff.........#,,** ##..#
##fff..#)....#....* _#f.##
##ff.ff........#,,** .#...#
#ff#@###...##..###### .#..##
##.##oo.##..##........ .#.##
#.##.....##.#*#)..#### f#f#
#.#.......#.####.##... ff.#
#.#...8...#..###.'.... .ff#
#.#..._...#...#..#).8_ ...#
#f##.....##......#.... ...#
#f.##.∩.##..#....##... ..##
##..#####ff.......####


You could see an orc warrior, an orc priest and 9 friendly wandering mushrooms.

Vanquished Creatures
  2 hydras (D:11)
  Erolcha (D:8)
  2 skeletal warriors (D:12)
  2 hill giants
  A lindwurm (Orc:1)
  2 orc knights
  2 orc sorcerers
  Psyche (D:8)
  A yaktaur (shapeshifter) (D:12)
  Grinder (D:4)
  A komodo dragon (D:12)
  A polar bear (D:8)
  A two-headed ogre (Orc:4)
  A troll (D:9)
  Prince Ribbit (Sewer)
  4 slime creatures (D:12)
  A shadow (D:11)
  A wraith (D:10)
  2 toenail golems (Volcano)
  20 yaks
  The ghost of Duskembrace the Vexing, an average VSEn (D:4)
  Eustachio (D:4)
  A deep elf fighter (D:11)
  3 hungry ghosts
  6 vampire mosquitoes
  3 humans (Volcano)
  A merfolk (D:7)
  2 hippogriffs
  A steam dragon (D:9)
  A necrophage (D:7)
  A wolf (D:8)
  A swamp drake (D:12)
  4 ogres
  31 orc warriors
  2 dwarves (D:9)
  4 sky beasts
  13 centaurs
  A blink frog skeleton (D:11)
  A phantom (D:12)
  6 ice beasts
  2 crocodiles (D:11)
  Sigmund (D:4)
  2 water moccasins
  4 wargs
  3 lava worms (Orc:1)
  A big kobold (D:11)
  8 giant frogs
  A komodo dragon skeleton (D:10)
  A cyclops skeleton (D:9)
  An eye of draining (D:10)
  6 wights
  5 killer bees
  8 hounds
  3 jellies
  4 iguanas
  7 crimson imps
  2 big fish (D:7)
  A centaur zombie (D:8)
  18 orc priests
  17 orc wizards
  5 worker ants
  5 scorpions
  An ogre zombie (D:7)
  Jessica (D:2)
  A mottled dragon skeleton (D:12)
  11 adders
  An ogre simulacrum (D:8)
  A giant centipede (D:7)
  An inept feature mimic (D:6)
  3 giant mites
  A white imp (D:8)
  3 worms
  An ufetubus (D:8)
  An adder zombie (D:7)
  3 adder skeletons
  2 giant eyeballs
  An orc skeleton (D:4)
  8 giant geckos
  3 oozes
  129 orcs
  19 bats
  4 giant cockroaches
  20 goblins
  24 hobgoblins
  11 jackals
  6 quokkas
  9 ball pythons
  A bat simulacrum (D:8)
  6 giant newts
  3 giant spores (Bailey)
  17 kobolds
  A kobold skeleton (D:8)
  A kobold zombie (D:6)
  21 rats
552 creatures vanquished.

Vanquished Creatures (collateral kills)
  A skeletal warrior (D:12)
  An orc knight (Orc:4)
  An item mimic (D:10)
  A troll (Orc:3)
  A slime creature (D:12)
  A toenail golem (Volcano)
  5 yaks
  A hippogriff (D:10)
  3 humans (Volcano)
  2 vampire mosquitoes (D:10)
  7 orc warriors
  2 killer bees (D:11)
  3 orc priests
  6 orc wizards
  18 orcs
  2 goblins (Orc:1)
55 creatures vanquished.

Vanquished Creatures (others)
  A necrophage (D:11)
  A giant spore (Bailey)
  10 wandering mushrooms
  A fungus (D:11)
  A plant (D:11)
  283 toadstools
297 creatures vanquished.

Grand Total: 904 creatures vanquished

Notes
Turn   | Place    | Note
--------------------------------------------------------------
     0 | D:1      | M4edhros, the Octopode Hunter, began the quest for the Orb.
     0 | D:1      | Reached XP level 1. HP: 13/13 MP: 1/1
   151 | D:1      | Reached XP level 2. HP: 18/18 MP: 2/2
   153 | D:1      | Found a shattered altar of Ashenzari.
   591 | D:2      | Reached XP level 3. HP: 10/23 MP: 3/3
   770 | D:2      | Reached skill level 5 in Slings
   977 | D:2      | Paralysed by a potion of paralysis for 2 turns
  1304 | D:2      | Reached XP level 4. HP: 18/28 MP: 4/4
  1662 | D:2      | Noticed Jessica
  1667 | D:2      | Killed Jessica
  1755 | D:3      | Found a snail-covered altar of Cheibriados.
  1979 | D:4      | Reached skill level 6 in Slings
  1979 | D:4      | Reached XP level 5. HP: 33/33 MP: 5/5
  1982 | D:4      | Noticed Eustachio
  1996 | D:4      | Killed Eustachio
  1996 | D:4      | Reached skill level 7 in Slings
  1996 | D:4      | Reached XP level 6. HP: 25/38 MP: 6/6
  2071 | D:4      | Found a glowing drain.
  2089 | Sewer    | Entered a sewer
  2156 | Sewer    | Reached skill level 8 in Slings
  2372 | Sewer    | Noticed Prince Ribbit
  2384 | Sewer    | Killed Prince Ribbit
  2384 | Sewer    | Reached XP level 7. HP: 43/43 MP: 7/7
  2463 | D:4      | Noticed Sigmund
  2488 | D:4      | Reached skill level 9 in Slings
  2513 | D:4      | Killed Sigmund
  2708 | D:4      | Noticed Grinder
  2722 | D:4      | Paralysed by Grinder for 4 turns
  2743 | D:4      | Killed Grinder
  2743 | D:4      | Reached skill level 10 in Slings
  2743 | D:4      | Reached XP level 8. HP: 29/48 MP: 8/8
  3084 | D:4      | Noticed Duskembrace's ghost (average VSEn)
  3092 | D:4      | Killed Duskembrace's ghost
  3212 | D:5      | Entered Level 5 of the Dungeon
  3388 | D:5      | Found a sparkling altar of Nemelex Xobeh.
  3519 | D:5      | Learned a level 3 spell: Recall
  3663 | D:5      | Reached skill level 11 in Slings
  3663 | D:5      | Reached skill level 1 in Translocations
  4126 | D:6      | Paralysed by a giant eyeball for 4 turns
  4428 | D:6      | Reached XP level 9. HP: 16/53 MP: 9/9
  4578 | D:6      | Found a staircase to the Ecumenical Temple.
  4588 | D:6      | the staircase to the Ecumenical Temple was a mimic.
  4630 | D:6      | Found Khea's Antique Armour Shop.
  4638 | D:6      | Bought a shiny shield for 135 gold pieces
  5413 | D:7      | Found a staircase to the Ecumenical Temple.
  5470 | Temple   | Entered the Ecumenical Temple
  5894 | D:7      | Reached skill level 12 in Slings
  5952 | D:7      | Reached skill level 5 in Translocations
  5953 | D:7      | Found a shadowy altar of Dithmengos.
  6361 | D:8      | Noticed Erolcha
  6462 | D:8      | Reached XP level 10. HP: 58/58 MP: 10/10
  6595 | D:8      | Reached skill level 1 in Shields
  6808 | D:8      | Noticed Psyche
  6815 | D:8      | Killed Psyche
  7182 | D:8      | Killed Erolcha
  7294 | D:8      | Reached skill level 13 in Slings
  7455 | D:9      | Got a vibrating golden ring
  7458 | D:9      | Identified the ring of Sulolot {Str+3 Int+3 Dam+2} (You found it on level 9 of the Dungeon)
  7570 | D:9      | Found a blossoming altar of Fedhas.
  7570 | D:9      | Found a shadowy altar of Dithmengos.
  7578 | D:9      | Became a worshipper of Fedhas Madash
  7926 | D:3      | Acquired Fedhas' first power
  8231 | D:3      | Found a burning altar of Makhleb.
  8739 | D:10     | Entered Level 10 of the Dungeon
  8777 | D:9      | Found an iron altar of Okawaru.
  8822 | D:9      | Reached skill level 1 in Invocations
  9085 | D:9      | Found a glowing silver altar of Zin.
  9100 | D:9      | Reached skill level 5 in Dodging
  9103 | D:9      | Acquired Fedhas' second power
  9187 | D:9      | Reached XP level 11. HP: 63/63 MP: 14/17
  9305 | D:9      | Found a glowing golden altar of the Shining One.
  9706 | D:10     | Noticed a hill giant
  9714 | D:10     | Killed a hill giant
  9714 | D:10     | Reached skill level 5 in Shields
  9714 | D:10     | Reached skill level 5 in Invocations
 10719 | D:11     | Noticed a five-headed hydra
 10729 | D:11     | Killed a five-headed hydra
 10813 | D:11     | Acquired Fedhas' third power
 10824 | D:11     | Noticed a six-headed hydra
 10831 | D:11     | Killed a six-headed hydra
 10913 | D:11     | Found Smoti's General Store.
 10949 | D:11     | Reached XP level 12. HP: 63/68 MP: 23/23
 11084 | D:11     | Found Crash's Antique Armour Emporium.
 11174 | D:11     | Found Zaoqosob's Assorted Antiques.
 11211 | D:11     | Bought a slimy brown potion for 27 gold pieces
 11234 | D:11     | Found Qunopeec's Distillery.
 11304 | D:11     | Found a staircase to the Lair.
 11480 | D:11     | Bought a potion of heal wounds for 93 gold pieces
 11507 | D:12     | Reached skill level 14 in Slings
 11617 | D:12     | Acquired Fedhas' fourth power
 11809 | D:12     | Found Waowail's Armour Shop.
 12261 | D:12     | Found a flagged portal.
 12277 | Bailey   | Entered a bailey
 12627 | Bailey   | Identified a scroll of acquirement
 12631 | Bailey   | Got a crystal longbow
 12632 | Bailey   | Identified the -2,+1 longbow of the Toadstool {venom, Str+1 Stlth+} (You acquired it in a bailey)
 13033 | D:12     | Found a staircase to the Orcish Mines.
 13204 | Orc:1    | Entered Level 1 of the Orcish Mines
 13207 | Orc:1    | Reached skill level 10 in Invocations
 13217 | Orc:1    | Acquired Fedhas' fifth power
 13373 | Orc:1    | Found a bloodstained altar of Trog.
 13657 | Orc:1    | Found a dark tunnel.
 13667 | Orc:1    | Reached XP level 13. HP: 72/72 MP: 25/27
 13729 | Volcano  | Entered a volcano
 14158 | Orc:2    | Found Klolamm's Gadget Shoppe.
 14419 | Orc:3    | Found Niameceh's Distillery.
 14451 | Orc:4    | Entered Level 4 of the Orcish Mines
 14466 | Orc:4    | Found a roughly hewn altar of Beogh.
 14466 | Orc:4    | Found Oxoemn's Armour Shop.
 14911 | Orc:4    | Found a roughly hewn altar of Beogh.
 15037 | Orc:4    | Found a roughly hewn altar of Beogh.
 15105 | Orc:4    | Found a roughly hewn altar of Beogh.
 15105 | Orc:4    | Found Kimuitos' Gadget Emporium.
 15120 | Orc:4    | Slain by an orc warrior

Action                   |  1- 3 |  4- 6 |  7- 9 | 10-12 | 13-15 || total
-------------------------+-------+-------+-------+-------+-------++-------
Melee: Short sword       |    56 |    38 |       |    46 |       ||   140
       Morningstar       |       |       |       |    14 |       ||    14
       Trident           |       |       |       |    35 |   124 ||   159
 Fire: Sling             |    29 |    75 |   400 |   901 |   115 ||  1520
Invok: Evolution         |       |       |       |    14 |     7 ||    21
       Sunlight          |       |       |       |     2 |     2 ||     4
       Reproduction      |       |       |       |     2 |       ||     2
Evoke: Wand              |       |       |       |     1 |       ||     1
  Use: Potion            |     1 |     1 |     7 |     5 |     1 ||    15
       Scroll            |       |       |    14 |    29 |     5 ||    48
 Stab: Sleeping          |     3 |     6 |       |     6 |     2 ||    17
       Confused          |       |       |       |       |     4 ||     4
       Distracted        |       |       |       |       |     2 ||     2
